 Dungeon Crawl Stone Soup version 0.25-a0-201-g0bb11aece9 (webtiles) character file.

Game seed: 6577847122581212944, levelgen mode: deterministic

188 MisterFreud the Skirmisher (level 5, -1/37 HPs)
             Began as an Octopode Artificer on Dec 2, 2019.
             Killed by nerve-wracking pain
             ... invoked by Grinder
              (7 damage)
             ... on level 3 of the Dungeon.
             The game lasted 00:05:28 (2993 turns).

MisterFreud the Skirmisher (Octopode Artificer)     Turns: 2993, Time: 00:05:28

Health: -1/37      AC:  1    Str: 11    XL:     5   Next: 67%
Magic:  7/7        EV: 13    Int: 14    God:
Gold:   148        SH:  4    Dex: 13    Spells: 4/4 levels left

rFire    . . .     SeeInvis +   o - +0 long sword
rCold    . . .     Gourm    .   k - +0 buckler
rNeg     . . .     Faith    .   (helmet restricted)
rPois    .         Spirit   .   (no amulet)
rElec    .         Reflect  .   l - ring of resist corrosion
rCorr    +         Harm     .   r - ring of see invisible
MR       .....                  (no ring)
Stlth    +++.......             (no ring)
HPRegen  0.12/turn              (no ring)
MPRegen  0.10/turn              (no ring)
                                (no ring)
                                (no ring)

@: no status effects
A: almost no armour, stealthy swim, amphibious, 8 rings, constrict 8, camouflage
1, gelatinous body 1
a: no special abilities


You were on level 3 of the Dungeon.
You were hungry.

You visited 1 branch of the dungeon, and saw 4 of its levels.

You collected 148 gold pieces.

Inventory:

Hand Weapons
 a - a +0 short sword
 o - a +0 long sword (weapon)
 t - a +2 short sword of draining
Missiles
 e - 108 stones (quivered)
 s - 21 arrows
Armour
 k - a +0 buckler (worn)
 q - a +0 shield
Jewellery
 l - a ring of resist corrosion (left tentacle)
 r - a ring of see invisible (right tentacle)
Wands
 b - a wand of flame (13)
 c - a wand of enslavement (10)
 d - a wand of random effects (9)
Scrolls
 g - 2 scrolls of remove curse {unknown}
 i - 2 scrolls of teleportation {unknown}
 j - 4 scrolls of identify {unknown}
 n - a scroll of fog {unknown}
 p - a scroll of blinking {unknown}
Comestibles
 f - 7 rations


   Skills:
 - Level 4.1 Fighting
 - Level 1.0 Short Blades
 - Level 2.0 Dodging
 - Level 1.3 Stealth
 + Level 3.2 Shields
 - Level 3.2 Evocations


You had 4 spell levels left.
You didn't know any spells.
Your spell library was empty.

Dungeon Overview and Level Annotations

Branches:
Dungeon (4/15)
 Temple: D:4-7

Altars:
Fedhas
Kikubaaqudgha

Annotations:
D:3 Grinder


Innate Abilities, Weirdness & Mutations

You cannot wear most types of armour.
You are very stealthy in the water. (Stealth+)
You are amphibious.
You can wear up to eight rings at the same time.
You can use your tentacles to constrict eight enemies at once.
Your skin changes colour to match your surroundings (Stealth+).
Your rubbery body absorbs attacks. (AC +1, EV +1)


Message History

Grinder gestures at you.
You suddenly lose the ability to move!
The phantom blinks!
Grinder blinks!
You can move again.
Evoke which item? (* to show all) (? for menu, Esc to quit)
Aiming: Enslavement
Press: ? - help, Shift-Dir - straight line, f/p - Grinder
Aim: Grinder (severely wounded, chance to defeat MR: 55%) Grinder resists with significant effort.
Grinder drinks a potion.
Grinder is healed!
Evoke which item? (* to show all) (? for menu, Esc to quit)
Aiming: Enslavement
Press: ? - help, Shift-Dir - straight line, f/p - Grinder
Aim: Grinder (lightly wounded, chance to defeat MR: 55%) Grinder resists with significant effort.
The phantom blinks!
Grinder gestures at you. Pain shoots through your body!
You die...

.# ### #####W# .#
###.#### ##
#....... #.#.###.
#######
#####.#.###.
#####.....#
#######........##.
###P..##..#.#
#.......###.#.....
..#._.....###
#§####### #....##.
###.P.......####@#
#.......
####.P÷....P.#.#
.#...###
#.###÷.P.._.#5###
.##.##
#......##...#...# .
#.#
#.......#####.#.#
.#
#.......##.##.#.#
#+##
#.......##.#..#.#
#...#
#..<....##.#.##.#
#.....
##........#.#.##.##
#......


You could see Grinder.

Vanquished Creatures
  Natasha (twice) (D:2)
  2 gnolls (D:3)
  3 adders
  4 worms
  A dart slug (D:1)
  2 leopard geckos
  8 bats
  6 giant cockroaches
  10 goblins
  9 hobgoblins
  8 kobolds
  A ball python (D:2)
  2 frilled lizards (D:3)
  5 rats
63 creatures vanquished.

Vanquished Creatures (collateral kills)
  2 gnolls (D:3)
2 creatures vanquished.

Vanquished Creatures (others)
  A leopard gecko (D:1)
1 creature vanquished.

Grand Total: 66 creatures vanquished

Notes
Turn   | Place    | Note
-------+----------+-------------------------------------------
     0 | D:1      | MisterFreud the Octopode Artificer began the quest for the
                  | Orb.
     0 | D:1      | Reached XP level 1. HP: 13/13 MP: 3/3
   296 | D:1      | Reached skill level 2 in Fighting
   296 | D:1      | Reached XP level 2. HP: 16/19 MP: 4/4
   464 | D:1      | Reached XP level 3. HP: 17/25 MP: 5/5
   523 | D:1      | Reached skill level 3 in Fighting
  1542 | D:2      | Noticed Natasha
  1552 | D:2      | Killed Natasha
  1552 | D:2      | Reached skill level 4 in Fighting
  1552 | D:2      | Reached XP level 4. HP: 8/33 MP: 6/6
  1835 | D:2      | Noticed Natasha
  1842 | D:2      | Killed Natasha
  1842 | D:2      | Reached skill level 1 in Shields
  2128 | D:3      | Reached XP level 5. HP: 37/37 MP: 7/7
  2220 | D:3      | Found a blossoming altar of Fedhas.
  2221 | D:3      | Found an ancient bone altar of Kikubaaqudgha.
  2936 | D:3      | Noticed Grinder
  2940 | D:3      | Paralysed by Grinder for 7 turns
  2960 | D:3      | Noticed a phantom
  2988 | D:3      | Paralysed by Grinder for 3 turns
  2993 | D:3      | Killed from afar by Grinder

Levels and vault maps discovered:
D:1:      tarquinn_simple_flora_water_e, layout_loops_ring
D:2:      layout_basic, uniq_natasha
D:3:      layout_loops_corners, grunt_temple_overflow_growth_and_decay,
          first_ration, uniq_grinder
D:4:      layout_loops_ring, led_xom_imps, lemuel_flame_loot_1, uniq_edmund

Skill      XL: |  1  2  3  4  5 |
---------------+----------------+-----
Fighting       | 2 4 |  4.1
Shields        | 1 3 |  3.2
Short Blades   | |  1.0
Dodging        | |  2.0
Stealth        | |  1.3
Evocations     | |  3.2

Action                   |  1- 3 |  4- 6 || total
-------------------------+-------+-------++-------
Melee: Short sword       |    56 |       ||    56
       Constrict         |    15 |    19 ||    34
       Tentacles         |     3 |    11 ||    14
       Long sword        |    12 |    62 ||    74
Evoke: Wand              |     4 |     9 ||    13
  Use: Potion            |       |     1 ||     1
 Stab: Sleeping          |     8 |     6 ||    14
  Eat: Chunk             |     2 |     4 ||     6
Armor: Skin              |     3 |     3 ||     6
Dodge: Dodged            |    39 |    34 ||    73
Block: Buckler           |       |     8 ||     8
       Rpst.: Long sword |     1 |     9 ||    10

Table legend:
 A = Non-vault XP
 B = Vault XP
 C = Vault XP percentage of total XP
 D = Non-vault monster count
 E = Vault monster count
 F = Vault count percentage of total count
                 A         B        C        D         E       F
            +---------+---------+-------+---------+---------+-------
      Total |     234 |      35 |  13.0 |      64 |       1 |   1.5
            +---------+---------+-------+---------+---------+-------
        D:1 |      53 |       0 |   0.0 |      26 |       0 |   0.0
        D:2 |      65 |      35 |  35.0 |      10 |       1 |   9.1
        D:3 |     113 |       0 |   0.0 |      27 |       0 |   0.0
        D:4 |       3 |       0 |   0.0 |       1 |       0 |   0.0
            +---------+---------+-------+---------+---------+-------
